 Dungeon Crawl Stone Soup version 0.32-a0-918-g0f22ef8d61 (webtiles) character file.

Game seed: 10613973739233946709

2 innerfire43 the Ducker (level 1, -3/13 HPs)
             Began as a Demonspawn Wanderer on Apr 10, 2024.
             Slain by a kobold
             ... wielding a +0 short sword
              (4 damage)
             ... on level 1 of the Dungeon.
             The game lasted 00:00:21 (44 turns).

innerfire43 the Ducker (Demonspawn Wanderer)          Turns: 44, Time: 00:00:21

Health: -3/13      AC:  3    Str:  9    XL:     1   Next: 25%
Magic:  2/2        EV: 11    Int: 14    God:
Gold:   0          SH:  0    Dex: 13    Spells: 1/2 levels left

rFire   . . .        a - +0 dagger
rCold   . . .        (no shield)
rNeg    . . .        c - +0 robe
rPois   .            d - +0 helmet
rElec   .            (no cloak)
rCorr   .            (no gloves)
SInv    .            (no boots)
Will    .....        (no amulet)
Stlth   +            (no ring)
HPRegen 0.22/turn    (no ring)
MPRegen 0.08/turn

%: no passive effects
@: no status effects
A: no striking features
a: no special abilities


You were on level 1 of the Dungeon.
You visited 1 branch of the dungeon, and saw 1 of its levels.

Inventory:

Hand Weapons
 a - a +0 dagger (weapon)
Armour
 c - a +0 robe (worn)
 d - a +0 helmet (worn)
Potions
 b - a potion of invisibility


   Skills:
 * Level 0.2 Fighting
 + Level 0.1 Short Blades
 - Level 1.0 Throwing
 * Level 0.2 Armour
 - Level 2.6 Dodging
 - Level 1.0 Spellcasting
 - Level 1.0 Translocations
 - Level 1.7 Fire Magic
 - Level 2.0 Evocations


You had one spell level left.
You knew the following spells:

 Your Spells              Type           Power      Damage    Failure   Level
a - Foxfire               Conj/Fire      12%        2x1d4     19%         1

Your spell library contained the following spells:

 Spells                   Type           Power      Damage    Failure   Level
 Scorch                   Fire           10%        2d5       19%         2
 Blink                    Tloc           6%         N/A       26%         2
 Lesser Beckoning         Tloc           6%         N/A       26%         2
 Summon Blazeheart Golem  Fire/Summ      3%         N/A       88%         4


Dungeon Overview and Level Annotations

Branches:
Dungeon (1/15)

Altars:


Message History

You closely miss the rat. The rat barely misses you.
You hit the rat.
The rat is moderately wounded.
The rat bites you but does no damage.
You hit the rat.
The rat is severely wounded.
The rat bites you but does no damage.
You barely miss the rat.
The rat is severely wounded.
The rat barely misses you.
You hit the rat.
You kill the rat!
You hit the hobgoblin.
You kill the hobgoblin!
You closely miss the kobold. The kobold barely misses you.
You hit the kobold but do no damage. The kobold closely misses you.
You barely miss the kobold. The kobold hits you but does no damage.
You barely miss the kobold. The kobold hits you but does no damage.
You barely miss the kobold.
The kobold hits you with a +0 short sword.
You hit the kobold.
The kobold is moderately wounded.
The kobold hits you with a +0 short sword.
* * * LOW HITPOINT WARNING * * *
You miss the kobold.
The kobold is moderately wounded.
The kobold throws a stone.
The stone hits you but does no damage. The kobold barely misses you. x2
You see here a hobgoblin corpse.
You hit the kobold.
The kobold is heavily wounded.
The kobold hits you but does no damage. The kobold hits you with a +0 dagger.
* * * LOW HITPOINT WARNING * * *
You hit the kobold.
The kobold is severely wounded.
The kobold hits you but does no damage. x2
You hit the kobold but do no damage.
The kobold is severely wounded.
The kobold hits you with a +0 short sword.
You die...

#... .... ....
... ###.#
##...## ###
####.....#..#
..#
##..@K......#
#.#
##..K#.......#
#.#
##...##.......#
###.##
##...###.....###
#....###...##
##...##
#.....#...##
##..#
###........##
..# ..'........#
#.#
###.<..........


You could see 2 kobolds.

Vanquished Creatures
  A hobgoblin (D:1)
  A rat (D:1)
2 creatures vanquished.

Notes
Turn   | Place    | Note
-------+----------+-------------------------------------------
     0 | D:1      | innerfire43 the Demonspawn Wanderer began the quest for the
                  | Orb.
     0 | D:1      | innerfire43 set off with the following items: a +0 dagger,
                  | a potion of invisibility, a +0 robe, a +0 helmet; and the
                  | following spell memorised: Foxfire; and the following
                  | spells available to memorise: Scorch, Blink, Lesser
                  | Beckoning, Summon Blazeheart Golem.
     0 | D:1      | Reached XP level 1. HP: 13/13 MP: 2/2
    44 | D:1      | Slain by a kobold

Illustrated notes

Levels and vault maps discovered:
D:1:      elethiomel_arrival_shortcut, layout_loops_ring

Action                     || total
---------------------------++-------
  Melee: Dagger            ||    19
 Armour: Robe              ||    18
  Dodge: Dodged            ||    12

Table legend: (Time is in decaauts)
 A = Elapsed time spent in this place.
 B = Non-inter-level travel time spent in this place.
 C = Inter-level travel time spent in this place.
 D = Time resting spent in this place.
 E = Time spent auto-exploring this place.
 F = Levels seen in this place.
 G = Mean time per level.
                   A        B        C        D        E       F      G
               +--------+--------+--------+--------+--------+-----+--------+
         Total |     43 |     43 |      0 |      0 |     17 |   1 |   43.0 |
       Dungeon |     43 |     43 |      0 |      0 |     17 |   1 |   43.0 |
               +--------+--------+--------+--------+--------+-----+--------+

Top non-repeatable levels by time:
     D:1: 43 daAuts
